 Dungeon Crawl Stone Soup version 0.27-a0-1186-g8b4daa1eef (webtiles) character file.

Game seed: 784111636789672843

360 ZappyNine the Sneak (level 6, -2/35 (37) HPs)
             Began as a Kobold Brigand on May 19, 2021.
             Was an Initiate of Dithmenos.
             Killed by nerve-wracking pain
             ... invoked by Menkaure
              (11 damage)
             ... on level 5 of the Dungeon.
             The game lasted 00:04:11 (5027 turns).

ZappyNine the Sneak (Kobold Brigand)                Turns: 5027, Time: 00:04:12

HP:   -2/35 (37)    AC:  2    Str:  8    XL:     6   Next: 98%
MP:   10/10         EV: 15    Int: 13    God:    Dithmenos [......]
Gold: 205           SH:  0    Dex: 18    Spells: 8/10 levels left

rFire    + . .     SeeInvis .   a - +2 dagger (vamp)
rCold    + . .     Faith    .   (shield restricted)
rNeg     . . .     Spirit   .   b - +0 robe
rPois    .         Reflect  .   (no helmet)
rElec    .         Harm     .   g - scarf {rC+ rF+}
rCorr    .         Rampage  .   (no gloves)
Will     .....                  (no boots)
Stlth    ++++......             k - amulet of regeneration
HPRegen  1.11/turn              m - ring of wizardry
MPRegen  0.12/turn              (no ring)

@: drained
A: small, no large weapons, nightstalker 3
a: Renounce Religion


You were on level 5 of the Dungeon.
You worshipped Dithmenos.
Dithmenos was noncommittal.
You visited 2 branches of the dungeon, and saw 6 of its levels.

You collected 205 gold pieces.

Inventory:

Hand Weapons
 a - a +2 vampiric dagger (weapon)
Missiles
 d - 8 poisoned darts (quivered)
 e - 2 curare-tipped darts
Armour
 b - a +0 robe (worn)
 g - a scarf of resistance (worn)
Jewellery
 k - an amulet of regeneration (around neck)
 m - a ring of wizardry (left hand)
Scrolls
 c - 2 scrolls of teleportation
 l - a scroll of noise
Potions
 h - 3 potions of haste {unknown}
 j - a potion of curing {unknown}
 n - 2 potions of mutation {unknown}


   Skills:
 - Level 3.3 Fighting
 - Level 4.8 Short Blades
 - Level 2.1 Throwing
 - Level 2.4 Dodging
 - Level 6.3 Stealth
 + Level 2.7 Spellcasting
 + Level 2.7 Hexes


You had 8 spell levels left.
You knew the following spells:

 Your Spells              Type           Power      Damage    Failure   Level
a - Slow                  Hex            9%         N/A       4%          2

Your spell library contained the following spells:

 Spells                   Type           Power      Damage    Failure   Level
 Corona                   Hex            10%        N/A       3%          1
 Inner Flame              Hex/Fire       5%         N/A       16%         3
 Portal Projectile        Hex/Tloc       10%        N/A       16%         3
 Cause Fear               Hex            4%         N/A       28%         4
 Leda's Liquefaction      Hex/Erth       2%         N/A       45%         4


Dungeon Overview and Level Annotations

Branches:
Dungeon (5/15)             Temple (1/1) D:4

Altars:
Dithmenos
Elyvilon
Gozag
Hepliaklqana
Qazlal
Uskayaw
Xom
The Shining One

Annotations:
D:3 3 runed translucent doors
D:5 Menkaure


Innate Abilities, Weirdness & Mutations

You are small and have problems with some larger weapons.
You are completely attuned to the shadows.


Message History

No target in view!
No target in view!
Menkaure, Prince of Dust comes into view.
Menkaure is nearby!
Menkaure is nearby!
You completely miss Menkaure. Menkaure hits you.
You hit Menkaure.
Menkaure is lightly damaged.
You hit Menkaure.
Menkaure is moderately damaged.
Menkaure's bandages flutter.
Menkaure closely misses you.
You hit Menkaure but do no damage.
Menkaure is moderately damaged.
Menkaure closely misses you.
You barely miss Menkaure.
Menkaure is moderately damaged.
You barely miss Menkaure.
Menkaure is moderately damaged.
Menkaure casts a spell at you. Pain shoots through your body!
You barely miss Menkaure.
Menkaure is moderately damaged.
You hit Menkaure.
Menkaure is moderately damaged.
Menkaure grins.
Menkaure gestures at you while chanting.
Pain shoots through your body!
You hit Menkaure.
Menkaure is heavily damaged.
Menkaure casts a spell at you. Pain shoots through your body!
You barely miss Menkaure.
Menkaure is heavily damaged.
Menkaure calls on the powers of darkness!
Your body is wracked with pain!
* * * LOW HITPOINT WARNING * * *
Menkaure casts a spell at you. Pain shoots through your body!
You die...

##########
#.@......#
#.######.#
#.# #.##.#
#M# #....#
#.# #.####
#.# #.#
#.# #.#
#<# ###


You could see Menkaure.

Vanquished Creatures
  A necrophage (D:4)
  A bullfrog (D:4)
  A jelly (D:4)
  A centaur skeleton (D:3)
  A hound (D:4)
  4 adders
  An adder skeleton (D:5)
  3 worms (D:2)
  3 dart slugs
  3 orcs (D:3)
  13 endoplasms
  10 goblins
  6 hobgoblins
  A jackal (D:2)
  4 kobolds
  3 quokkas
  A ball python (D:1)
  4 bats
  3 frilled lizards
  7 rats
71 creatures vanquished.

Vanquished Creatures (others)
  2 plants (D:4)
2 creatures vanquished.

Grand Total: 73 creatures vanquished

Notes
Turn   | Place    | Note
-------+----------+-------------------------------------------
     0 | D:1      | ZappyNine the Kobold Brigand began the quest for the Orb.
     0 | D:1      | Reached XP level 1. HP: 12/12 MP: 1/1
   293 | D:1      | Reached XP level 2. HP: 10/18 MP: 2/2
   616 | D:1      | Found a faded altar of an unknown god.
  1140 | D:2      | Reached XP level 3. HP: 22/22 MP: 3/3
  1224 | D:2      | Reached XP level 4. HP: 27/27 MP: 4/4
  1645 | D:2      | Reached skill level 6 in Stealth
  2267 | D:3      | Found a runed translucent gate.
  2267 | D:3      | Found a runed translucent gate.
  2267 | D:3      | Found a runed translucent gate.
  2380 | D:3      | Found a white marble altar of Elyvilon.
  2429 | D:3      | Reached XP level 5. HP: 29/32 MP: 5/5
  2840 | D:3      | Found a hide-covered altar of Uskayaw.
  3191 | D:3      | Learned a level 2 spell: Slow
  3344 | D:4      | Noticed a bullfrog
  3348 | D:4      | Killed a bullfrog
  3349 | D:4      | Reached skill level 1 in Spellcasting
  3349 | D:4      | Reached skill level 1 in Hexes
  3349 | D:4      | Reached XP level 6. HP: 37/37 MP: 5/8
  3737 | D:4      | Found a staircase to the Ecumenical Temple.
  3841 | Temple   | Entered the Ecumenical Temple
  3957 | Temple   | Became a worshipper of Dithmenos the Shadowed
  3993 | D:4      | Found a stormy altar of Qazlal.
  4012 | D:4      | Noticed a necrophage
  4058 | D:4      | Killed a necrophage
  4523 | D:4      | Found an opulent altar of Gozag.
  4989 | D:5      | Entered Level 5 of the Dungeon
  5014 | D:5      | Noticed Menkaure
  5027 | D:5      | Killed from afar by Menkaure

Illustrated notes

Levels and vault maps discovered:
D:1:      lemuel_arrival_river_ford, layout_loops_ring,
          hellmonk_ecumenical_altar_zigzags, corexii_hall_statues_i
D:2:      minmay_diamond_boxcup, layout_basic, kennysheep_another_room,
          hex_medium
D:3:      layout_basic, lemuel_coloured_pillars_altar, elyvilon_altar_5,
          gammafunk_ghost_split, minmay_goblin_outpost
D:4:      layout_layer_cave, nicolae_overflow_crystal_walls,
          kennysheep_little_box, minmay_temple_entry_waves,
          small_statue_intersection, serial_bayou_pond_a
D:5:      layout_basic, lemuel_crystal_altar, minmay_strange_pillars,
          minmay_misc_feat_rugged, uniq_duvessa, uniq_menkaure, uniq_ijyb
Temple:   minmay_temple_curvy_loop

Skill      XL: |  1  2  3  4  5  6 |
---------------+-------------------+-----
Short Blades   | 3 4 |  4.8
Fighting       | 3 |  3.3
Stealth        | 6 |  6.3
Dodging        | 2 |  2.4
Spellcasting   | 1 2 |  2.7
Hexes          | 1 2 |  2.7
Throwing       | |  2.1

Action                   |  1- 3 |  4- 6 || total
-------------------------+-------+-------++-------
Melee: Dagger            |    34 |   216 ||   250
Throw: Dart              |       |     1 ||     1
 Cast: Slow              |       |     2 ||     2
  Use: Scroll            |       |     4 ||     4
 Stab: Sleeping          |    13 |    23 ||    36
Armor: Robe              |     5 |    25 ||    30
Dodge: Dodged            |    12 |   117 ||   129

Table legend: (Time is in decaauts)
 A = Elapsed time spent in this place.
 B = Non-inter-level travel time spent in this place.
 C = Inter-level travel time spent in this place.
 D = Time resting spent in this place.
 E = Time spent auto-exploring this place.
 F = Levels seen in this place.
 G = Mean time per level.
                   A        B        C        D        E       F      G
               +--------+--------+--------+--------+--------+-----+--------+
         Total |   4976 |   4792 |    184 |    100 |   4111 |   6 |  829.3 |
       Dungeon |   4848 |   4719 |    129 |    100 |   4040 |   5 |  969.6 |
        Temple |    127 |     72 |     55 |      0 |     71 |   1 |  127.0 |
               +--------+--------+--------+--------+--------+-----+--------+

Top non-repeatable levels by time:
     D:4: 1616 daAuts
     D:3: 1137 daAuts
     D:2: 1097 daAuts
     D:1: 964 daAuts
  Temple: 127 daAuts
     D:5: 33 daAuts
